HSSL
MARIS SCHOOL MARINERS @ BISHOP AMAT HS
05/08/2028
 
TOP OF THE 1ST
Maris School Mariners batting - Pitching for Bishop Amat HS : RHP Darrell Sánchez
Pitching: RHP Darrell Sánchez
Batting: RHB Richard Jeffries 0-0: Bunted foul
0-1: Fly out, F5 (Popup, 56)
Batting: RHB Dusty Pope 0-0: Called Strike
0-1: Foul Ball, location: 2F
0-2: Strikes out swinging
Batting: LHB Alexander Randolph 0-0: Ball
1-0: Called Strike
1-1: Ball
2-1: Foul Ball, location: 2F
2-2: Foul Ball, location: 2F
2-2: Foul Ball, location: 2F
2-2: Foul Ball, location: 2F
2-2: Strikes out swinging
Top of the 1st over - 0 run(s), 0 hit(s), 0 error(s), 0 left on base; Maris School 0 - Bishop Amat HS 0
BOTTOM OF THE 1ST
Bishop Amat HS batting - Pitching for Maris School Mariners : RHP Steve Harrison
Pitching: RHP Steve Harrison
Batting: RHB Ralph Petit 0-0: Called Strike
0-1: Swinging Strike
0-2: Ball
1-2: Ball
2-2: SINGLE (Groundball, 6MD)
Batting: RHB Louis García 0-0: Called Strike
0-1: Ball
1-1: Ball
2-1: Ground out 5-3 (Groundball, 56S)
Ralph Petit to second
Batting: RHB Geoffrey Bishop 0-0: Fly out, F8 (Flyball, 8RD)
Runner from 2nd tags up, SAFE at 3rd, no throw
Batting: RHB Mike Best 0-0: Called Strike
0-1: Foul Ball, location: 2F
0-2: Strikes out looking
Bottom of the 1st over - 0 run(s), 1 hit(s), 0 error(s), 1 left on base; Maris School 0 - Bishop Amat HS 0
TOP OF THE 2ND
Maris School Mariners batting - Pitching for Bishop Amat HS : RHP Darrell Sánchez
Batting: RHB Neal Sánchez 0-0: SOLO HOME RUN (Flyball, 7D), Distance : 371 ft
Batting: LHB Miguel Gamboa 0-0: Ball
1-0: Swinging Strike
1-1: Ball
2-1: Ball
3-1: Swinging Strike
3-2: Foul Ball, location: 2F
3-2: Base on Balls
Batting: RHB Miguel Vargas 0-0: Called Strike
0-1: Ball
1-1: Foul Ball, location: 2F
1-2: Ball
2-2: Ball
3-2: Foul Ball, location: 2F
3-2: Foul Ball, location: 2F
3-2: Fly out, F8 (Flyball, 8RM)
Batting: SHB Albert Montgomery 0-0: Called Strike
0-1: Ball
1-1: Called Strike
1-2: Ball
2-2: Strikes out swinging
Batting: RHB Ed Lovett 0-0: Ball
Wild Pitch!
Miguel Gamboa to second
1-0: Ball
2-0: Ball
3-0: Called Strike
3-1: Foul Ball, location: 2F
3-2: Ground out 4-3 (Groundball, 4)
Top of the 2nd over - 1 run(s), 1 hit(s), 0 error(s), 1 left on base; Maris School 1 - Bishop Amat HS 0
BOTTOM OF THE 2ND
Bishop Amat HS batting - Pitching for Maris School Mariners : RHP Steve Harrison
Batting: RHB Bill Bailey 0-0: Swinging Strike
0-1: SINGLE (Line Drive, 4D)
Batting: RHB Ken Pérez 0-0: Ball
1-0: Grounds into double play, 1-4-3 (Groundball, 15)
Batting: RHB Andrew Miller 0-0: Ball
1-0: Ground out 5-3 (Groundball, 56)
Bottom of the 2nd over - 0 run(s), 1 hit(s), 0 error(s), 0 left on base; Maris School 1 - Bishop Amat HS 0
TOP OF THE 3RD
Maris School Mariners batting - Pitching for Bishop Amat HS : RHP Darrell Sánchez
Batting: RHB Stephen Welshman 0-0: DOUBLE (Groundball, 5L)
Batting: RHB Richard Jeffries 0-0: Called Strike
0-1: Swinging Strike
0-2: Ball
1-2: Ball
2-2: Foul Ball, location: 2F
2-2: Strikes out swinging
Batting: RHB Dusty Pope 0-0: SINGLE (Flyball, 7LM)
Stephen Welshman to third
Batting: LHB Alexander Randolph 0-0: Ball
1-0: Ball
2-0: Called Strike
2-1: Foul Ball, location: 2F
2-2: Foul Ball, location: 2F
2-2: Fielders Choice at 2nd, 1-6 (Groundball, 13)
Batting: RHB Neal Sánchez 0-0: Ball
1-0: Called Strike
1-1: SINGLE (Line Drive, 78S)
Stephen Welshman scores
Alexander Randolph to second
Batting: LHB Miguel Gamboa 0-0: Called Strike
0-1: SINGLE (Flyball, 9S)
Alexander Randolph to third
Neal Sánchez to second
Runner from 3rd tries for Home, SAFE, no throw
Batting: RHB Miguel Vargas 0-0: Ball
1-0: Swinging Strike
1-1: Foul Ball, location: 2F
1-2: Foul Ball, location: 2F
1-2: Fly out, F9 (Flyball, 89M)
Top of the 3rd over - 2 run(s), 4 hit(s), 0 error(s), 2 left on base; Maris School 3 - Bishop Amat HS 0
BOTTOM OF THE 3RD
Bishop Amat HS batting - Pitching for Maris School Mariners : RHP Steve Harrison
Batting: LHB Ralph King 0-0: Ball
1-0: Swinging Strike
1-1: Called Strike
1-2: Strikes out looking
Batting: LHB Adam Roberts 0-0: SINGLE (Flyball, 78S)
Batting: RHB Ralph Petit 0-0: Ball
1-0: DOUBLE (Line Drive, 89D)
Adam Roberts to third
Batting: RHB Louis García 0-0: Foul Ball, location: 2F
0-1: Ball
1-1: Fly out, F9 (Flyball, 89M)
Runner from 3rd tags up, SCORES, no throw
Batting: RHB Geoffrey Bishop 0-0: Called Strike
0-1: Ball
1-1: Ball
2-1: Ground out 1-3 (Groundball, 13S)
Bottom of the 3rd over - 1 run(s), 2 hit(s), 0 error(s), 1 left on base; Maris School 3 - Bishop Amat HS 1
TOP OF THE 4TH
Maris School Mariners batting - Pitching for Bishop Amat HS : RHP Darrell Sánchez
Batting: SHB Albert Montgomery 0-0: Foul Ball, location: 2F
0-1: Ball
1-1: Fly out, F7 (Flyball, 78M)
Batting: RHB Ed Lovett 0-0: Swinging Strike
0-1: Ball
1-1: Hit by Pitch
Batting: RHB Stephen Welshman 0-0: Foul Ball, location: 2F
0-1: Ball
1-1: Foul Ball, location: 2F
1-2: Strikes out swinging
Batting: RHB Richard Jeffries 0-0: Ball
1-0: Called Strike
1-1: Fly out, F9 (Flyball, 89M)
Top of the 4th over - 0 run(s), 0 hit(s), 0 error(s), 1 left on base; Maris School 3 - Bishop Amat HS 1
BOTTOM OF THE 4TH
Bishop Amat HS batting - Pitching for Maris School Mariners : RHP Steve Harrison
Batting: RHB Mike Best 0-0: Ball
1-0: Called Strike
1-1: DOUBLE (Line Drive, 89M)
Batting: RHB Bill Bailey 0-0: Foul Ball, location: 2F
0-1: Ball
1-1: Ball
2-1: Ball
3-1: Base on Balls
Batting: RHB Ken Pérez 0-0: SINGLE (Groundball, 4S) (infield hit)
Mike Best to third
Bill Bailey to second
Batting: RHB Andrew Miller 0-0: Called Strike
0-1: Foul Ball, location: 2F
0-2: Ball
1-2: Strikes out swinging
Batting: LHB Ralph King 0-0: Ball
1-0: Swinging Strike
1-1: Called Strike
1-2: Strikes out swinging
Batting: LHB Adam Roberts 0-0: Ground out 1-3 (Groundball, 15S)
Bottom of the 4th over - 0 run(s), 2 hit(s), 0 error(s), 3 left on base; Maris School 3 - Bishop Amat HS 1
TOP OF THE 5TH
Maris School Mariners batting - Pitching for Bishop Amat HS : RHP Darrell Sánchez
Batting: RHB Dusty Pope 0-0: Fly out, F7 (Flyball, 78D)
Batting: LHB Alexander Randolph 0-0: Called Strike
0-1: Ball
1-1: Foul Ball, location: 2F
1-2: Ball
2-2: Ball
3-2: Base on Balls
Pitching: RHP Michael Miller
Batting: RHB Neal Sánchez 0-0: Ball
1-0: Called Strike
1-1: Ball
2-1: Called Strike
2-2: Ball
3-2: Base on Balls
Alexander Randolph to second
Batting: LHB Miguel Gamboa 0-0: Ball
1-0: Called Strike
1-1: SINGLE (Groundball, 4) (infield hit)
Alexander Randolph to third
Neal Sánchez to second
Batting: RHB Miguel Vargas 0-0: Called Strike
0-1: Swinging Strike
0-2: Ball
1-2: Foul Ball, location: 2F
1-2: Strikes out looking
Batting: SHB Albert Montgomery 0-0: Called Strike
0-1: Ball
1-1: Called Strike
1-2: Foul Ball, location: 2F
1-2: Strikes out swinging
Top of the 5th over - 0 run(s), 1 hit(s), 0 error(s), 3 left on base; Maris School 3 - Bishop Amat HS 1
BOTTOM OF THE 5TH
Bishop Amat HS batting - Pitching for Maris School Mariners : RHP Steve Harrison
Batting: RHB Ralph Petit 0-0: Ball
1-0: Ball
2-0: Called Strike
2-1: Ball
3-1: Called Strike
3-2: Base on Balls
Batting: RHB Louis García 0-0: Ball
Ralph Petit steals 2nd base
1-0: Ball
2-0: Fly out, F6 (Line Drive, 6)
Batting: RHB Geoffrey Bishop 0-0: SINGLE (Line Drive, 9S)
Ralph Petit to third
Runner from 3rd tries for Home, SAFE, no throw
Batting: RHB Mike Best 0-0: DOUBLE (Groundball, 5L)
Geoffrey Bishop to third
Batting: RHB Bill Bailey 0-0: Called Strike
0-1: Called Strike
0-2: Ball
1-2: Ball
2-2: Ball
3-2: Base on Balls
Batting: RHB Ken Pérez 0-0: Called Strike
0-1: Fly out, F5 (Popup, 5L)
Batting: RHB Andrew Miller 0-0: Called Strike
0-1: Called Strike
0-2: Strikes out swinging
Bottom of the 5th over - 1 run(s), 2 hit(s), 0 error(s), 3 left on base; Maris School 3 - Bishop Amat HS 2
TOP OF THE 6TH
Maris School Mariners batting - Pitching for Bishop Amat HS : RHP Michael Miller
Batting: RHB Ed Lovett 0-0: Called Strike
0-1: Swinging Strike
0-2: Foul Ball, location: 2F
0-2: Fly out, F8 (Flyball, 8RS)
Batting: RHB Stephen Welshman 0-0: SINGLE (Groundball, 34S) (infield hit)
Batting: RHB Richard Jeffries 0-0: Called Strike
0-1: Ground out 5-3 (Groundball, 56S)
Stephen Welshman to second
Batting: RHB Dusty Pope 0-0: Ball
1-0: Ball
2-0: Foul Ball, location: 2F
2-1: SINGLE (Groundball, 4M) (infield hit)
Stephen Welshman to third
Batting: LHB Alexander Randolph 0-0: Called Strike
0-1: Called Strike
0-2: Strikes out swinging
Top of the 6th over - 0 run(s), 2 hit(s), 0 error(s), 2 left on base; Maris School 3 - Bishop Amat HS 2
BOTTOM OF THE 6TH
Bishop Amat HS batting - Pitching for Maris School Mariners : RHP Steve Harrison
Batting: LHB Ralph King 0-0: Called Strike
0-1: Ground out 5-3 (Groundball, 56S)
Batting: LHB Adam Roberts 0-0: Ball
1-0: SINGLE (Flyball, 89S)
Batting: RHB Ralph Petit 0-0: Called Strike
0-1: DOUBLE (Line Drive, 9LM)
Adam Roberts to third
Batting: RHB Louis García 0-0: Ball
1-0: Swinging Strike
1-1: Foul Ball, location: 2F
1-2: Foul Ball, location: 2F
1-2: Foul Ball, location: 2F
1-2: Strikes out swinging
Pitching: LHP Porter Dobie
Batting: RHB Geoffrey Bishop 0-0: Ball
1-0: Called Strike
1-1: Called Strike
1-2: Ball
2-2: Ball
3-2: Base on Balls
Batting: RHB Mike Best 0-0: Called Strike
0-1: Ball
1-1: Foul Ball, location: 2F
1-2: Fly out, F3 (Popup, 34)
Bottom of the 6th over - 0 run(s), 2 hit(s), 0 error(s), 3 left on base; Maris School 3 - Bishop Amat HS 2
TOP OF THE 7TH
Maris School Mariners batting - Pitching for Bishop Amat HS : RHP Michael Miller
Batting: RHB Neal Sánchez 0-0: Ball
1-0: Fly out, F9 (Flyball, 9LS)
Batting: LHB Miguel Gamboa 0-0: Ball
1-0: Foul Ball, location: 2F
1-1: Foul Ball, location: 2F
1-2: Foul Ball, location: 2F
1-2: Ball
2-2: Ball
3-2: Base on Balls
Batting: RHB Miguel Vargas 0-0: Single, Error in OF, E7, batter to second base
Miguel Gamboa to third
Batting: SHB Albert Montgomery 0-0: Intentional Walk
Pitching: RHP Phil Dennis
Batting: RHB Ed Lovett 0-0: Ball
1-0: Grounds into fielders choice 5-2 (Groundball, 56)
Miguel Vargas to third
Albert Montgomery to second
Pinch Hitting: RHB Donald Barrett 0-0: Swinging Strike
0-1: Foul Ball, location: 2F
0-2: Ball
1-2: Ball
2-2: Foul Ball, location: 2F
2-2: Strikes out swinging
Top of the 7th over - 0 run(s), 1 hit(s), 1 error(s), 3 left on base; Maris School 3 - Bishop Amat HS 2
BOTTOM OF THE 7TH
Bishop Amat HS batting - Pitching for Maris School Mariners : LHP Porter Dobie
Now at 2B: Donald Barrett
Batting: RHB Bill Bailey 0-0: DOUBLE (Flyball, 8RD)
Batting: RHB Ken Pérez 0-0: Called Strike
0-1: Ball
1-1: Foul Ball, location: 2F
1-2: Fly out, F8 (Flyball, 8LM)
Batting: RHB Andrew Miller 0-0: Ball
1-0: Called Strike
1-1: Swinging Strike
1-2: Ball
2-2: Strikes out looking
Pinch Hitting: RHB Steve Bañuelos 0-0: Ball
1-0: SINGLE (Line Drive, 4MD)
Bill Bailey to third
Runner from 3rd tries for Home, SAFE, no throw
Batting: LHB Adam Roberts 0-0: Foul Ball, location: 2F
0-1: Ball
1-1: Fly out, F9 (Flyball, 9S)
Bottom of the 7th over - 1 run(s), 2 hit(s), 0 error(s), 1 left on base; Maris School 3 - Bishop Amat HS 3
TOP OF THE 8TH
Maris School Mariners batting - Pitching for Bishop Amat HS : RHP Phil Dennis
Now in RF: Steve Bañuelos
Batting: RHB Richard Jeffries 0-0: Called Strike
0-1: Ball
1-1: Ball
2-1: Ball
3-1: Base on Balls
Batting: RHB Dusty Pope 0-0: SINGLE (Groundball, 56D)
Richard Jeffries to second
Batting: LHB Alexander Randolph 0-0: Ball
1-0: Fly out, F9 (Flyball, 9S)
Batting: RHB Neal Sánchez 0-0: SINGLE (Line Drive, 9LM)
Richard Jeffries to third
Dusty Pope to second
Runner from 3rd tries for Home, SAFE, throw made home
Batting: LHB Miguel Gamboa 0-0: Foul Ball, location: 2F
0-1: Fly out, F3 (Line Drive, 3S)
Batting: RHB Miguel Vargas 0-0: Called Strike
0-1: Ball
1-1: Called Strike
1-2: Ball
2-2: Ball
3-2: Foul Ball, location: 2F
3-2: Fly out, F9 (Flyball, 89D)
Top of the 8th over - 1 run(s), 2 hit(s), 0 error(s), 2 left on base; Maris School 4 - Bishop Amat HS 3
BOTTOM OF THE 8TH
Bishop Amat HS batting - Pitching for Maris School Mariners : LHP Porter Dobie
Pitching: RHP Nick Rogers
Now at SS: Dustin Wesman
Batting: RHB Ralph Petit 0-0: Ball
1-0: Called Strike
1-1: Called Strike
1-2: Ball
2-2: Foul Ball, location: 2F
2-2: SINGLE (Line Drive, 89S)
Batting: RHB Louis García 0-0: Ball
1-0: Sac Bunt - play at first, batter OUT! U3
Ralph Petit to second
Batting: RHB Geoffrey Bishop 0-0: Called Strike
0-1: Foul Ball, location: 2F
0-2: Fly out, F8 (Line Drive, 8LM)
Runner from 2nd tags up, SAFE at 3rd with throw
Batting: RHB Mike Best 0-0: Foul Ball, location: 2F
0-1: Ball
1-1: Foul Ball, location: 2F
1-2: Strikes out swinging
Bottom of the 8th over - 0 run(s), 1 hit(s), 0 error(s), 1 left on base; Maris School 4 - Bishop Amat HS 3
TOP OF THE 9TH
Maris School Mariners batting - Pitching for Bishop Amat HS : RHP Phil Dennis
Batting: SHB Albert Montgomery 0-0: Called Strike
0-1: Ball
1-1: Foul Ball, location: 2F
1-2: SINGLE (Line Drive, 4MD)
Batting: RHB Ed Lovett 0-0: Sac Bunt - play at first, batter OUT! 3-4
Albert Montgomery to second
Batting: RHB Donald Barrett 0-0: Intentional Walk
Batting: LHB Dustin Wesman 0-0: Ball
1-0: Ball
2-0: Called Strike
2-1: Swinging Strike
2-2: Ball
3-2: Base on Balls
Albert Montgomery to third
Donald Barrett to second
Pitching: RHP Bob Schultz
Batting: RHB Dusty Pope 0-0: Ball
1-0: Foul Ball, location: 2F
1-1: Fly out, F5 (Line Drive, 5S)
Batting: LHB Alexander Randolph 0-0: Foul Ball, location: 2F
0-1: Ball
1-1: Foul Ball, location: 2F
1-2: Foul Ball, location: 2F
1-2: Foul Ball, location: 2F
1-2: Ground out U3 (Groundball, 3)
Top of the 9th over - 0 run(s), 1 hit(s), 0 error(s), 3 left on base; Maris School 4 - Bishop Amat HS 3
BOTTOM OF THE 9TH
Bishop Amat HS batting - Pitching for Maris School Mariners : RHP Nick Rogers
Pitching: LHP Andy Fender
Batting: RHB Bill Bailey 0-0: Foul Ball, location: 2F
0-1: Foul Ball, location: 2F
0-2: Ball
1-2: Ball
2-2: Ground out 5-3 (Groundball, 56)
Batting: RHB Ken Pérez 0-0: Ball
1-0: Ball
2-0: Ball
3-0: Called Strike
3-1: Foul Ball, location: 2F
3-2: Base on Balls
Batting: RHB Andrew Miller 0-0: Called Strike
0-1: Ball
1-1: Ball
2-1: Ball
3-1: Base on Balls
Ken Pérez to second
Batting: RHB Steve Bañuelos 0-0: Ball
1-0: Ground out 5-3 (Groundball, 56)
Ken Pérez to third
Andrew Miller to second
Batting: LHB Adam Roberts 0-0: Called Strike
0-1: Ball
1-1: Called Strike
1-2: Ball
2-2: Strikes out swinging
Bottom of the 9th over - 0 run(s), 0 hit(s), 0 error(s), 2 left on base; Maris School 4 - Bishop Amat HS 3
Tuesday, August 8th, 2017 - OOTP Baseball 17.12 Build 75